 Dungeon Crawl Stone Soup version 0.30.0-30-g96aa6591b8 (webtiles) character file.

Game seed: 14692662158447162183

1052 H0rd4k the Covert (level 8, -2/49 HPs)
             Began as an Octopode Artificer on June 30, 2023.
             Slain by a centaur (4 damage)
             ... on level 4 of the Dungeon.
             The game lasted 00:05:56 (4438 turns).

H0rd4k the Covert (Octopode Artificer)              Turns: 4438, Time: 00:05:57

Health: -2/49      AC:  1    Str: 11    XL:     8   Next: 26%
Magic:  8/8        EV: 19    Int: 16    God:
Gold:   323        SH:  0    Dex: 12    Spells: 7/7 levels left

rFire   . .          .
                       - Unarmed
rCold   . . .        (no shield)
rNeg    . . .        (helmet restricted)
rPois   .            (no amulet)
rElec   .            i - +5 ring of evasion
rCorr   .            (no ring)
SInv    .            (no ring)
Will    .....        (no ring)
Stlth   +++++        (no ring)
HPRegen 0.28/turn    (no ring)
MPRegen 0.11/turn    (no ring)
                     (no ring)

%: no passive effects
@: no status effects
A: almost no armour, amphibious, 8 rings, camouflage 1, gelatinous body 1,
(nimble swimmer 1), tentacles
a: no special abilities


You were on level 4 of the Dungeon.
You visited 2 branches of the dungeon, and saw 5 of its levels.
You also visited: Sewer.

You collected 323 gold pieces.

Inventory:

Hand Weapons
 e - a +3 dagger
Missiles
 u - 33 poisoned darts (quivered)
Jewellery
 i - a +5 ring of evasion (left tentacle)
Wands
 b - a wand of flame (18)
 c - a wand of charming (11)
 d - a wand of iceblast (3)
Scrolls
 f - 2 scrolls of vulnerability {unknown}
 g - 4 scrolls of teleportation {unknown}
 h - a scroll of silence {unknown}
 j - a scroll of acquirement {unknown}
 k - 5 scrolls of identify {unknown}
 n - a scroll of enchant armour {unknown}
 q - 3 scrolls of blinking {unknown}
 s - a scroll of butterflies {unknown}
 t - a scroll of magic mapping {unknown}
 v - a scroll of immolation {unknown}
Potions
 a - a potion of haste
 l - 2 potions of mutation
 m - a potion of berserk rage {unknown}
 o - a potion of cancellation
 p - 3 potions of degeneration {unknown}
 r - a potion of invisibility {unknown}


   Skills:
 + Level 1.7 Fighting
 + Level 3.8 Dodging
 + Level 8.2 Stealth
 + Level 5.1 Unarmed Combat
 * Level 0.4 Spellcasting
 + Level 5.1 Evocations


You had 7 spell levels left.
You didn't know any spells.
Your spell library contained the following spells:

 Spells                   Type           Power      Damage    Failure   Level
 Sublimation of Blood     Necr           0%         N/A       36%         2
 Wereblood                Tmut           0%         N/A       36%         2
 Summon Guardian Golem    Hex/Summ       0%         N/A       58%         3
 Orb of Destruction       Conj           0%         9d5       100%        7
 Spellforged Servitor     Conj/Summ      0%         N/A       100%        7
 Summon Hydra             Summ           0%         N/A       100%        7


Dungeon Overview and Level Annotations

Branches:
Dungeon (4/15)             Temple (1/1) D:4           Sewer (visited)

Altars:
Cheibriados
Dithmenos
Fedhas
Hepliaklqana
Kikubaaqudgha
Makhleb
Nemelex Xobeh
Okawaru
Qazlal
Ru
Sif Muna
Trog
Uskayaw
Wu Jian
Zin
The Shining One

Annotations:
D:3 1 runed translucent door, exclusion: door, Crazy Yiuf
D:4 1 transporter, Eustachio; MrAu's ghost, amateur TeGl; Sigmund


Innate Abilities, Weirdness & Mutations

You cannot wear most types of armour.
You are amphibious.
You can wear up to eight rings at the same time.
Your skin changes colour to match your surroundings (Stealth+).
Your rubbery body absorbs attacks. (AC +1, EV +1)
((You are camouflaged when in or above water. (Stealth+)))
You have tentacles for arms and can constrict up to eight enemies at once.


Message History

The centaur is moderately wounded.
The centaur hits you but does no damage.
The centaur kicks you. The centaur barely misses you. The centaur kicks you.
You tentacle-slap the centaur.
The centaur is heavily wounded.
The centaur completely misses you. The centaur kicks you.
* * * LOW HITPOINT WARNING * * *
You tentacle-slap the centaur but do no damage.
You squeeze the centaur.
The centaur is heavily wounded.
The centaur hits you.
* * * LOW HITPOINT WARNING * * *
The centaur barely misses you.
You tentacle-slap the centaur but do no damage.
The centaur is heavily wounded.
The centaur hits you.
* * * LOW HITPOINT WARNING * * *
The centaur closely misses you. The centaur hits you.
* * * LOW HITPOINT WARNING * * *
The centaur barely misses you.
It was a potion of mutation.
You feel extremely strange.
You feel frail.
You feel robust. The centaur barely misses you. The centaur kicks you.
* * * LOW HITPOINT WARNING * * *
It was a potion of haste.
You feel yourself speed up.
The centaur closely misses you. x2; The centaur completely misses you.
The centaur kicks you.
* * * LOW HITPOINT WARNING * * *
You barely miss the centaur.
You squeeze the centaur, but do no damage.
The centaur is heavily wounded.
The centaur hits you but does no damage.
The centaur kicks you.
* * * LOW HITPOINT WARNING * * *
It was a potion of cancellation.
Your magical effects are unravelling.
You feel magically purged.
You feel yourself slow down. The centaur hits you.
You die...

##### #...# #.#.#
#.#.##
#....#############
#.@..†...........#
###
#c...###########.#
..# . .....####
#.# #.... ......
#.# ...... .......
#.# ###### #######
#.## #..# #. ##.#
#.# #.#


You could see a centaur.

Vanquished Creatures
  Edmund (D:4)
  7 kobold brigands (Sewer)
  2 hounds (D:4)
  An orc priest (D:4)
  Ijyb (D:3)
  Terence (D:2)
  An orc wizard (D:4)
  6 gnolls
  10 adders
  2 river rats
  8 worms
  2 dart slugs
  4 orcs
  5 bats
  15 endoplasms
  5 giant cockroaches
  3 goblins
  5 hobgoblins
  6 jackals
  5 quokkas
  11 ball pythons
  4 frilled lizards
  11 kobolds
  12 rats
128 creatures vanquished.

Vanquished Creatures (collateral kills)
  An orc (D:3)
  A goblin (D:2)
2 creatures vanquished.

Vanquished Creatures (others)
  An adder (D:3)
  A gnoll (D:2)
2 creatures vanquished.

Grand Total: 132 creatures vanquished

Notes
Turn   | Place    | Note
-------+----------+-------------------------------------------
     0 | D:1      | H0rd4k the Octopode Artificer began the quest for the Orb.
     0 | D:1      | Reached XP level 1. HP: 13/13 MP: 1/1
   113 | D:1      | Found a faded altar of an unknown god.
   187 | D:1      | Reached XP level 2. HP: 18/18 MP: 2/2
   368 | D:1      | Reached XP level 3. HP: 22/23 MP: 3/3
   866 | D:2      | Reached XP level 4. HP: 28/28 MP: 4/4
   881 | D:2      | Reached skill level 1 in Unarmed Combat
   915 | D:2      | Noticed Terence
   929 | D:2      | Killed Terence
  1235 | D:2      | Reached skill level 2 in Stealth
  1479 | D:2      | Reached XP level 5. HP: 33/33 MP: 5/5
  1726 | D:3      | Noticed Ijyb
  1741 | D:3      | Killed Ijyb
  1755 | D:3      | Reached skill level 5 in Evocations
  2041 | D:3      | Found a glowing drain.
  2045 | Sewer    | Entered a sewer
  2096 | Sewer    | Noticed a kobold brigand
  2114 | Sewer    | Killed a kobold brigand
  2115 | Sewer    | Reached skill level 3 in Stealth
  2115 | Sewer    | Reached XP level 6. HP: 38/38 MP: 6/6
  2337 | Sewer    | Reached skill level 4 in Stealth
  2424 | Sewer    | Reached XP level 7. HP: 43/43 MP: 7/7
  2537 | Sewer    | Reached skill level 5 in Stealth
  2774 | Sewer    | Reached skill level 6 in Stealth
  3429 | D:3      | Found a runed translucent door.
  3430 | D:3      | Noticed Crazy Yiuf
  3827 | D:4      | Found a transporter.
  3827 | D:4      | Noticed MrAu's ghost (amateur TeGl)
  3837 | D:4      | Noticed Edmund
  3847 | D:4      | Killed Edmund
  3848 | D:4      | Reached skill level 7 in Stealth
  3848 | D:4      | Reached XP level 8. HP: 49/49 MP: 8/8
  3922 | D:4      | Reached skill level 5 in Unarmed Combat
  3958 | D:4      | Noticed Eustachio
  3978 | D:4      | Reached skill level 8 in Stealth
  3994 | D:4      | Found a staircase to the Ecumenical Temple.
  4043 | Temple   | Entered the Ecumenical Temple
  4391 | D:4      | Noticed Sigmund
  4435 | D:4      | Gained mutation: You are frail. (-10% HP) [potion of
                  | mutation]
  4435 | D:4      | Lost mutation: You are frail. (-10% HP) [potion of
                  | mutation]
  4437 | D:4      | HP: 2/49 [centaur (1)]
  4438 | D:4      | Slain by a centaur

Illustrated notes

Levels and vault maps discovered:
D:1:      lightli_arrival_maybe_door_vault, layout_basic,
          shapermc_ecumenical_altar_acropolis, chequers_serial_rivers_room_b
D:2:      layout_loops_ring, uniq_terence
D:3:      layout_basic, gup_sewer_entry_spiral, uniq_crazy_yiuf_cottage,
          uniq_ijyb
D:4:      layout_loops_ring, minmay_temple_entry_sparse_star,
          gammafunk_ghost_arena, dreamdust_gnoll_farm, uniq_sigmund,
          uniq_eustachio, uniq_edmund
Temple:   eino_temple_scatter_basement

Skill      XL: |  1  2  3  4  5  6  7  8 |
---------------+-------------------------+-----
Evocations     | 4 5 |  5.1
Unarmed Combat | 1 2 3 4 5 |  5.1
Dodging        | 3 |  3.8
Stealth        | 2 3 4 7 8 |  8.2
Fighting       | |  1.7
Spellcasting   | |  0.4

Action                     |  1- 3 |  4- 6 |  7- 9 || total
---------------------------+-------+-------+-------++-------
  Melee: Unarmed           |    67 |   147 |   132 ||   346
         Constrict         |    16 |    35 |    30 ||    81
         Tentacles         |    19 |    32 |    41 ||    92
         Punch             |     1 |     6 |     6 ||    13
  Evoke: Wand              |     5 |    11 |     1 ||    17
    Use: Potion            |       |       |     3 ||     3
   Stab: Sleeping          |     1 |    19 |    23 ||    43
         Distracted        |       |       |     1 ||     1
 Armour: Skin              |     8 |     7 |     4 ||    19
  Dodge: Dodged            |    62 |   106 |    72 ||   240
